BSA
POCATELLO BOCCABELLAS @ ST CHARLES SHEENS
08/04/2028
 
TOP OF THE 1ST
Pocatello Boccabellas batting - Pitching for St Charles Sheens : RHP Joe O'Sullivan
Pitching: RHP Joe O'Sullivan
Batting: RHB Tomás Carranza 0-0: Ball
1-0: Ball
2-0: Called Strike
2-1: Foul Ball, location: 2F
2-2: Foul Ball, location: 2F
2-2: Ball
3-2: Fly out, F6 (Line Drive, 6)
Batting: RHB Francisco Sandoval 0-0: Foul Ball, location: 2F
0-1: Foul Ball, location: 2F
0-2: Strikes out looking
Batting: RHB Marlon Phipps 0-0: Called Strike
0-1: Ball
1-1: Swinging Strike
1-2: Foul Ball, location: 2F
1-2: Ball
2-2: Foul Ball, location: 2F
2-2: Strikes out swinging
Top of the 1st over - 0 run(s), 0 hit(s), 0 error(s), 0 left on base; Pocatello 0 - St Charles 0
BOTTOM OF THE 1ST
St Charles Sheens batting - Pitching for Pocatello Boccabellas : LHP Osvaldo Cruz
Pitching: LHP Osvaldo Cruz
Batting: RHB Jesús Hernández 0-0: Called Strike
0-1: Ball
1-1: Ground out 4-3 (Groundball, 4)
Batting: RHB Miguel Palácios 0-0: Ball
1-0: SINGLE (Groundball, 56) (infield hit)
Batting: LHB Larry Howard 0-0: Called Strike
0-1: Ball
1-1: Fly out, F7 (Flyball, 78M)
Batting: RHB Daniel Robert 0-0: Ball
1-0: Called Strike
1-1: Ball
2-1: Called Strike
Miguel Palácios steals 2nd base
2-2: Foul Ball, location: 2F
2-2: Ground out 5-3 (Groundball, 5)
Bottom of the 1st over - 0 run(s), 1 hit(s), 0 error(s), 1 left on base; Pocatello 0 - St Charles 0
TOP OF THE 2ND
Pocatello Boccabellas batting - Pitching for St Charles Sheens : RHP Joe O'Sullivan
Batting: RHB Ernesto Acosta 0-0: Ball
1-0: Called Strike
1-1: Foul Ball, location: 2F
1-2: Strikes out looking
Batting: SHB Glenn Vadnais 0-0: DOUBLE (Line Drive, 9LS)
Batting: RHB José Delgado 0-0: Ball
1-0: Ball
2-0: Ball
3-0: Called Strike
3-1: Ground out 5-3 (Groundball, 56)
Batting: RHB Robert Marks 0-0: Ball
1-0: Called Strike
1-1: Fly out, F9 (Flyball, 89S)
Top of the 2nd over - 0 run(s), 1 hit(s), 0 error(s), 1 left on base; Pocatello 0 - St Charles 0
BOTTOM OF THE 2ND
St Charles Sheens batting - Pitching for Pocatello Boccabellas : LHP Osvaldo Cruz
Batting: RHB Max Rash 0-0: Called Strike
0-1: Ball
1-1: SINGLE (Flyball, 4MD)
Batting: RHB Judson Backstrom 0-0: Foul Ball, location: 2F
0-1: Ball
1-1: Grounds into double play, 5-4-3 (Groundball, 5L)
Batting: RHB Miguel Encarnación 0-0: Called Strike
0-1: Swinging Strike
0-2: Strikes out looking
Bottom of the 2nd over - 0 run(s), 1 hit(s), 0 error(s), 0 left on base; Pocatello 0 - St Charles 0
TOP OF THE 3RD
Pocatello Boccabellas batting - Pitching for St Charles Sheens : RHP Joe O'Sullivan
Batting: LHB José Berroa 0-0: Swinging Strike
0-1: Ball
1-1: Called Strike
1-2: Foul Ball, location: 2F
1-2: Ball
2-2: Ball
3-2: SINGLE (Line Drive, 7S)
Batting: RHB Sergio Solíz 0-0: Swinging Strike
0-1: SINGLE (Line Drive, 34D)
José Berroa to second
Batting: RHB Tomás Carranza 0-0: Ball
1-0: SINGLE (Line Drive, 89M)
José Berroa to third
Sergio Solíz to second
Batting: RHB Francisco Sandoval 0-0: Called Strike
0-1: Grounds into double play, 1-2-3 (Groundball, P)
Sergio Solíz to third
Tomás Carranza to second
Batting: RHB Marlon Phipps 0-0: SINGLE (Line Drive, 9LM)
Sergio Solíz scores
Tomás Carranza to third
Batting: RHB Ernesto Acosta 0-0: Ball
1-0: Ball
2-0: SINGLE (Groundball, 56D)
Tomás Carranza scores
Marlon Phipps to second
Batting: SHB Glenn Vadnais 0-0: Ball
1-0: Called Strike
1-1: Ball
2-1: Swinging Strike
2-2: TRIPLE (Line Drive, 8RXD)
Marlon Phipps scores
Ernesto Acosta scores
Batting: RHB José Delgado 0-0: Called Strike
0-1: Ball
1-1: Swinging Strike
1-2: SINGLE (Groundball, 6MD)
Glenn Vadnais scores
Batting: RHB Robert Marks 0-0: Fielders Choice at 2nd, 4-6 (Groundball, 34)
Top of the 3rd over - 5 run(s), 7 hit(s), 0 error(s), 0 left on base; Pocatello 5 - St Charles 0
BOTTOM OF THE 3RD
St Charles Sheens batting - Pitching for Pocatello Boccabellas : LHP Osvaldo Cruz
Batting: LHB Marcos Cantú 0-0: Ball
1-0: Ground out 6-3 (Groundball, 6)
Batting: RHB Rubén Matos 0-0: Foul Ball, location: 2F
0-1: Ball
1-1: Ball
2-1: Ball
3-1: Base on Balls
Batting: RHB Jesús Hernández Pickoff Throw to First - Out!
0-0: Called Strike
0-1: Ground out 3-1 (Groundball, 34)
Bottom of the 3rd over - 0 run(s), 0 hit(s), 0 error(s), 0 left on base; Pocatello 5 - St Charles 0
TOP OF THE 4TH
Pocatello Boccabellas batting - Pitching for St Charles Sheens : RHP Joe O'Sullivan
Batting: LHB José Berroa 0-0: Foul Ball, location: 2F
0-1: Ball
1-1: Foul Ball, location: 2F
1-2: Fly out, F8 (Flyball, 78D)
Batting: RHB Sergio Solíz 0-0: Called Strike
0-1: SINGLE (Line Drive, 4D)
Batting: RHB Tomás Carranza 0-0: Ball
1-0: Fielders Choice at 2nd, 1-6 (Groundball, 13S)
Batting: RHB Francisco Sandoval 0-0: Called Strike
Tomás Carranza steals 2nd base
0-1: Ball
1-1: Ball
2-1: Foul Ball, location: 2F
2-2: DOUBLE (Flyball, 8LD)
Tomás Carranza scores
Batting: RHB Marlon Phipps 0-0: SINGLE (Line Drive, 4MD)
Francisco Sandoval to third
Batting: RHB Ernesto Acosta 0-0: Ball
1-0: Ground out 5-3 (Groundball, 56)
Top of the 4th over - 1 run(s), 3 hit(s), 0 error(s), 2 left on base; Pocatello 6 - St Charles 0
BOTTOM OF THE 4TH
St Charles Sheens batting - Pitching for Pocatello Boccabellas : LHP Osvaldo Cruz
Batting: RHB Miguel Palácios 0-0: Ball
1-0: Ball
2-0: Swinging Strike
2-1: Fly out, F9 (Flyball, 89S)
Batting: LHB Larry Howard 0-0: Ball
1-0: Ball
2-0: Ball
3-0: Base on Balls
Batting: RHB Daniel Robert 0-0: Called Strike
Pickoff Throw to First - Out!
0-1: SINGLE (Flyball, 78S)
Batting: RHB Max Rash 0-0: Called Strike
0-1: Fly out, F8 (Flyball, 8RM)
Bottom of the 4th over - 0 run(s), 1 hit(s), 0 error(s), 1 left on base; Pocatello 6 - St Charles 0
TOP OF THE 5TH
Pocatello Boccabellas batting - Pitching for St Charles Sheens : RHP Joe O'Sullivan
Pitching: RHP Alejandro Longoria
Batting: SHB Glenn Vadnais 0-0: Ball
1-0: Ball
2-0: Called Strike
2-1: SINGLE (Line Drive, 89S)
Batting: RHB José Delgado 0-0: Ball
1-0: Called Strike
1-1: Ball
2-1: Hit by Pitch
Glenn Vadnais to second
Batting: RHB Robert Marks 0-0: Grounds into double play, 4-6-3 (Groundball, 4)
Glenn Vadnais to third
Batting: LHB José Berroa 0-0: Ball
1-0: Called Strike
1-1: Swinging Strike
1-2: SINGLE (Line Drive, 9S)
Glenn Vadnais scores
Batting: RHB Sergio Solíz 0-0: Called Strike
0-1: Ball
1-1: Ball
2-1: Called Strike
2-2: Foul Ball, location: 2F
2-2: Foul Ball, location: 2F
2-2: Ball
3-2: Ground out 5-3 (Groundball, 56)
Top of the 5th over - 1 run(s), 2 hit(s), 0 error(s), 1 left on base; Pocatello 7 - St Charles 0
BOTTOM OF THE 5TH
St Charles Sheens batting - Pitching for Pocatello Boccabellas : LHP Osvaldo Cruz
Batting: RHB Judson Backstrom 0-0: Ball
1-0: Swinging Strike
1-1: Ball
2-1: Reached on error, E5 (Groundball, 56)
Batting: RHB Miguel Encarnación 0-0: Called Strike
0-1: Ball
1-1: Foul Ball, location: 2F
1-2: Strikes out swinging
Batting: LHB Marcos Cantú 0-0: Ball
1-0: Called Strike
1-1: Ball
2-1: Ball
3-1: SINGLE (Line Drive, 9S)
Judson Backstrom to second
Batting: RHB Rubén Matos 0-0: Ball
1-0: Called Strike
1-1: Grounds into double play, 6-4-3 (Groundball, 6)
Bottom of the 5th over - 0 run(s), 1 hit(s), 1 error(s), 1 left on base; Pocatello 7 - St Charles 0
TOP OF THE 6TH
Pocatello Boccabellas batting - Pitching for St Charles Sheens : RHP Alejandro Longoria
Batting: RHB Tomás Carranza 0-0: SINGLE (Groundball, 3D)
Batting: RHB Francisco Sandoval 0-0: Ball
1-0: Fly out, F8 (Flyball, 8LM)
Batting: RHB Marlon Phipps 0-0: Ball
1-0: Called Strike
Tomás Carranza steals 2nd base
1-1: Swinging Strike
1-2: Strikes out swinging
Batting: RHB Ernesto Acosta 0-0: Fly out, F3 (Popup, 3)
Top of the 6th over - 0 run(s), 1 hit(s), 0 error(s), 1 left on base; Pocatello 7 - St Charles 0
BOTTOM OF THE 6TH
St Charles Sheens batting - Pitching for Pocatello Boccabellas : LHP Osvaldo Cruz
Batting: RHB Jesús Hernández 0-0: Ball
1-0: Ground out 5-3 (Groundball, 5S)
Batting: RHB Miguel Palácios 0-0: Ball
1-0: Ground out 6-3 (Groundball, 6)
Batting: LHB Larry Howard 0-0: Swinging Strike
0-1: Ball
1-1: Swinging Strike
1-2: Foul Ball, location: 2F
1-2: Strikes out looking
Bottom of the 6th over - 0 run(s), 0 hit(s), 0 error(s), 0 left on base; Pocatello 7 - St Charles 0
TOP OF THE 7TH
Pocatello Boccabellas batting - Pitching for St Charles Sheens : RHP Alejandro Longoria
Batting: SHB Glenn Vadnais 0-0: Ball
1-0: Called Strike
1-1: Swinging Strike
1-2: Ball
2-2: Fly out, F6 (Popup, 6MD)
Batting: RHB José Delgado 0-0: Called Strike
0-1: Foul Ball, location: 2F
0-2: Ball
1-2: Hit by Pitch
Batting: RHB Robert Marks 0-0: Ball
1-0: Hit by Pitch
José Delgado to second
Pinch Runner at 1st Nick Cox:
Batting: LHB José Berroa 0-0: Ball
1-0: Fly out, F8 (Flyball, 78M)
Batting: RHB Sergio Solíz 0-0: Fielders Choice at 2nd, 4-6 (Groundball, 4)
Top of the 7th over - 0 run(s), 0 hit(s), 0 error(s), 1 left on base; Pocatello 7 - St Charles 0
BOTTOM OF THE 7TH
St Charles Sheens batting - Pitching for Pocatello Boccabellas : LHP Osvaldo Cruz
Now at C: Nick Cox
Batting: RHB Daniel Robert 0-0: Swinging Strike
0-1: Ball
1-1: Ball
2-1: Swinging Strike
2-2: Ground out 5-3 (Groundball, 56S)
Batting: RHB Max Rash 0-0: Fly out, F6 (Popup, 56)
Batting: RHB Judson Backstrom 0-0: Ball
1-0: Foul Ball, location: 2F
1-1: Foul Ball, location: 2F
1-2: Ball
2-2: Ground out 4-3 (Groundball, 4)
Bottom of the 7th over - 0 run(s), 0 hit(s), 0 error(s), 0 left on base; Pocatello 7 - St Charles 0
TOP OF THE 8TH
Pocatello Boccabellas batting - Pitching for St Charles Sheens : RHP Alejandro Longoria
Batting: RHB Tomás Carranza 0-0: Called Strike
0-1: Foul Ball, location: 2F
0-2: Ball
1-2: Foul Ball, location: 2F
1-2: Fly out, F6 (Popup, 6D)
Batting: RHB Francisco Sandoval 0-0: Ball
1-0: Swinging Strike
1-1: Ball
2-1: Ball
3-1: Base on Balls
Pitching: RHP Pedro Santiago
Batting: RHB Marlon Phipps 0-0: Called Strike
0-1: Ball
1-1: Swinging Strike
1-2: Strikes out swinging
Batting: RHB Ernesto Acosta 0-0: Called Strike
0-1: Fielders Choice at 2nd, 5-4 (Groundball, 56)
Top of the 8th over - 0 run(s), 0 hit(s), 0 error(s), 0 left on base; Pocatello 7 - St Charles 0
BOTTOM OF THE 8TH
St Charles Sheens batting - Pitching for Pocatello Boccabellas : LHP Osvaldo Cruz
Batting: RHB Miguel Encarnación 0-0: Ball
1-0: Called Strike
1-1: Foul Ball, location: 2F
1-2: Strikes out swinging
Batting: LHB Marcos Cantú 0-0: Ball
1-0: Ball
2-0: Ball
3-0: Base on Balls
Batting: RHB Rubén Matos 0-0: Called Strike
0-1: Foul Ball, location: 2F
0-2: Ball
1-2: Grounds into double play, 4-6-3 (Groundball, 4D)
Bottom of the 8th over - 0 run(s), 0 hit(s), 0 error(s), 0 left on base; Pocatello 7 - St Charles 0
TOP OF THE 9TH
Pocatello Boccabellas batting - Pitching for St Charles Sheens : RHP Pedro Santiago
Batting: SHB Glenn Vadnais 0-0: Foul Ball, location: 2F
0-1: Swinging Strike
0-2: Strikes out swinging
Batting: RHB José Delgado 0-0: Foul Ball, location: 2F
0-1: Fly out, F9 (Flyball, 9)
Batting: SHB Nick Cox 0-0: Called Strike
0-1: Foul Ball, location: 2F
0-2: SINGLE (Groundball, 34D)
Batting: LHB José Berroa 0-0: Ball
1-0: Foul Ball, location: 2F
1-1: Ball
2-1: Swinging Strike
Pickoff Throw to First - Out!
Top of the 9th over - 0 run(s), 1 hit(s), 0 error(s), 0 left on base; Pocatello 7 - St Charles 0
BOTTOM OF THE 9TH
St Charles Sheens batting - Pitching for Pocatello Boccabellas : LHP Osvaldo Cruz
Batting: RHB Jesús Hernández 0-0: Ball
1-0: Called Strike
1-1: Foul Ball, location: 2F
1-2: TRIPLE (Flyball, 78D)
Batting: RHB Miguel Palácios 0-0: Ball
1-0: Ball
2-0: Fly out, F8 (Flyball, 78XD)
Runner from 3rd tags up, SCORES, no throw
Batting: LHB Larry Howard 0-0: Foul Ball, location: 2F
0-1: SINGLE (Line Drive, 4D)
Batting: RHB Daniel Robert 0-0: Ground out 5-3 (Groundball, 56S)
Larry Howard to second
Batting: RHB Max Rash 0-0: Ground out 6-3 (Groundball, 6M)
Bottom of the 9th over - 1 run(s), 2 hit(s), 0 error(s), 1 left on base; Pocatello 7 - St Charles 1
Tuesday, August 8th, 2017 - OOTP Baseball 17.12 Build 75